 Dungeon Crawl Stone Soup version 0.22-a0-409-gb855193 (webtiles) character file.

65 raistware the Magician (level 3, -11/24 HPs)
             Began as a Mummy Wizard on May 10, 2018.
             Mangled by a two-headed ogre
             ... wielding a +0 giant club
              (20 damage)
             ... on level 3 of the Dungeon.
             The game lasted 00:05:12 (1432 turns).

raistware the Magician (Mummy Wizard)               Turns: 1432, Time: 00:05:20

Health: -11/24     AC:  2    Str: 10    XL:     3   Next: 92%
Magic:  3/8        EV: 12    Int: 18    God:
Gold:   108        SH:  0    Dex: 10    Spells: 2/10 levels left

rFire    x x .     SeeInvis .   e - +0 spear
rCold    + + .     Gourm    .   (no shield)
rNeg     + + +     Faith    .   a - +0 robe
rPois    ∞         Spirit   .   b - +0 hat
rElec    .         Reflect  .   (no cloak)
rCorr    .         Harm     .   (no gloves)
MR       .....                  (no boots)
Stlth    +.........             (no amulet)
HPRegen  0.08/turn              h - ring of ice
MPRegen  0.11/turn              i - ring of loudness (curse)

@: very slightly contaminated
A: no food or potions, fire vulnerability, cold resistance 1, negative energy
resistance 3, torment resistance, unbreathing
a: no special abilities


You were on level 3 of the Dungeon.
You were not hungry.

You visited 1 branch of the dungeon, and saw 3 of its levels.

You collected 108 gold pieces.

Inventory:

Hand Weapons
 e - a +0 spear (weapon)
Armour
 a - a +0 robe (worn)
 b - a +0 hat (worn)
Jewellery
 h - a ring of ice (left hand)
 i - a cursed ring of loudness (right hand)
Scrolls
 c - a scroll of blinking {unknown}
 d - 5 scrolls of identify {unknown}
 f - a scroll of amnesia {unknown}
 g - a scroll of teleportation {unknown}


   Skills:
 - Level 1.5 Dodging
 - Level 1.5 Stealth
 - Level 4.0 Spellcasting
 + Level 3.1 Conjurations
 - Level 0.7 Summonings
 - Level 0.7 Translocations


You had 2 spell levels left.
You knew the following spells:

 Your Spells              Type           Power        Failure   Level  Hunger
a - Magic Dart            Conj           ###.         4%          1    N/A
b - Blink                 Tloc           N/A          17%         2    N/A
c - Call Imp              Summ           #.......     17%         2    N/A
d - Conjure Flame         Conj/Fire      #.......     22%         3    N/A

Dungeon Overview and Level Annotations

Branches:
Dungeon (3/15)

Altars:


Innate Abilities, Weirdness & Mutations

You do not eat or drink.
Your flesh is vulnerable to fire.
You are immune to poison.
Your flesh is cold resistant. (rC+)
You are immune to negative energy. (rN+++)
You are immune to unholy pain and torment.
You can survive without breathing.


Message History

Press: ? - help, Dir - move target cursor, f/p - two-headed ogre
Aim: a two-headed ogre, wielding two giant clubs You reach to attack!
You hit the two-headed ogre but do no damage.
A goblin comes into view. It is wielding a dagger.
Attack whom?
Press: ? - help, Dir - move target cursor, f/p - two-headed ogre
Aim: a two-headed ogre, wielding two giant clubs You reach to attack!
The goblin shouts!
You hit the two-headed ogre but do no damage.
You hear an angry hiss.
You hear a shout! x2
The goblin moves out of view.
You hit the two-headed ogre but do no damage.
The two-headed ogre is engulfed in blazing flames.
The two-headed ogre hits you with a giant club!
Ouch! That really hurt!
The two-headed ogre hits you with a giant club!!
Ouch! That really hurt!
You die...

#..(....#.#
##.#####.#.#######
#...#....#.##..##P
#.....#.....#.♣##P♣♣ #
#.....#.###.....♣♣.♣♣.###
#<........P.P♣♣..P..P...#
#.....#...P.♣♣♣.♣.PP♣♣...#
#.....#....P♣♣.P..P.♣ #
##....#..♣♣♣.♣P@.♣♣♣♣
#.......♣♣....O♣♣
##)....♣♣.PP.♣♣K
#<...#.PP..♣ ..
#.....P§♣♣P ♣.. #####.♣♣§♣
.♣♣ ..♣ .. ..§ ♣P ♣


You could see a two-headed ogre and a kobold.

Vanquished Creatures
  3 adders (D:2)
  A worm (D:2)
  2 giant cockroaches
  4 goblins
  2 hobgoblins
  2 jackals (D:1)
  6 kobolds
  A quokka (D:3)
  A ball python (D:3)
  3 bats
  3 frilled lizards
  7 rats
35 creatures vanquished.

Vanquished Creatures (collateral kills)
  A worm (D:2)
  A jackal (D:1)
2 creatures vanquished.

Grand Total: 37 creatures vanquished

Notes
Turn   | Place    | Note
-------+----------+-------------------------------------------
     0 | D:1      | raistware the Mummy Wizard began the quest for the Orb.
     0 | D:1      | Reached XP level 1. HP: 13/13 MP: 5/5
    19 | D:1      | Reached skill level 1 in Conjurations
   235 | D:1      | Reached XP level 2. HP: 19/19 MP: 5/7
   239 | D:1      | Learned a level 2 spell: Blink
   242 | D:1      | Learned a level 2 spell: Call Imp
   692 | D:2      | Reached XP level 3. HP: 10/24 MP: 0/8
   697 | D:2      | Learned a level 3 spell: Conjure Flame
  1424 | D:3      | Noticed a two-headed ogre
  1432 | D:3      | Mangled by a two-headed ogre

Vault maps used:
D:1:      roderic_octagonal_star
D:3:      wad_woods_stonehenge, minmay_misc_feat_hallway

Skill      XL: |  1  2  3 |
---------------+----------+-----
Conjurations   | 1 2 3 |  3.1
Dodging        | |  1.5
Stealth        | |  1.5
Spellcasting   | |  4.0
Summonings     | |  0.7
Translocations | |  0.7

Action                   || total
-------------------------++-------
Melee: Spear             ||    32
 Cast: Magic Dart        ||    79
       Call Imp          ||     3
       Blink             ||     2
       Conjure Flame     ||     1
Armor: Robe              ||     6
Dodge: Dodged            ||    29

Table legend:
 A = Spawn XP
 B = Non-spawn XP
 C = Spawn XP percentage of total XP
 D = Spawn monster count
 E = Non-spawn monster count
 F = Spawn count percentage of total count
 G = Total turns spent on level
                    A         B        C        D         E        F      G
               +---------+---------+-------+---------+---------+-------+---------
         Total |       0 |      93 |   0.0 |       0 |      37 |   0.0 |  1432
               +---------+---------+-------+---------+---------+-------+---------
           D:1 |       0 |      25 |   0.0 |       0 |      17 |   0.0 |   587
           D:2 |       0 |      62 |   0.0 |       0 |      16 |   0.0 |   799
           D:3 |       0 |       6 |   0.0 |       0 |       4 |   0.0 |    46
               +---------+---------+-------+---------+---------+-------+---------
